 Dungeon Sprint DCSS version 0.18.1-50-g88ac8fd (webtiles) character file.

1199 Kagutsuchi the Fighter (level 8, -5/82 HPs)
             Began as a Red Draconian Berserker on Oct 21, 2016.
             Was a Priest of Trog.
             Slain by a polar bear (12 damage)
             ... in the Dungeon (Sprint II: "The Violet Keep of Menkaure").
             The game lasted 00:06:10 (366 turns).

Kagutsuchi the Fighter (Red Draconian Berserker)     Turns: 366, Time: 00:06:10

Health: -5/82      AC:  6    Str: 21    XL:     8   Next: 20%
Magic:  8/8        EV: 17    Int:  7    God:    Trog [***...]
Gold:   39         SH:  0    Dex: 12    Spells: 0 memorised, 7 levels left

rFire  + . .     SeeInvis .     a - +0 falchion
rCold  . . .     Gourm    .     (armour unavailable)
rNeg   . . .     Faith    .     (no shield)
rPois  .         Spirit   .     (helmet restricted)
rElec  .         Dismiss  .     (no cloak)
rCorr  .         Reflect  .     (no gloves)
SustAt .         Harm     .     (no boots)
MR     .....     NoTele   +     (no amulet)
Stlth  +.........               (no ring)
                                (no ring)

@: short of breath, not resistant to hostile enchantments, very unstealthy
A: breathe fire, unfitting armour, fire resistance 1, cold-blooded, AC +6
a: Breathe Fire, Berserk, Trog's Hand, Burn Spellbooks, Renounce Religion


You were in the Dungeon.
You worshipped Trog.
Trog was most pleased with you.
You were very full.

You visited 1 branch You collected 729 gold pieces.
You spent 690 gold pieces at shops.

Inventory:

Hand Weapons
 a - a +0 falchion (weapon)
Armour
 b - a +2 pair of gloves of strength
 i - the +0 mask of the Dragon {MR+ Slay+3 SInv}
   (You bought it in a shop in the Dungeon)

   It affects your accuracy and damage with ranged weapons and melee attacks
   (+3).
   It affects your resistance to hostile enchantments.
   It lets you see invisible.
Scrolls
 h - a scroll of blinking
Potions
 e - a potion of haste
 f - 2 potions of magic
 g - a potion of berserk rage
Comestibles
 k - a meat ration


   Skills:
 + Level 11.6 Fighting
 + Level 10.7 Long Blades
 + Level 10.3 Dodging


You had 7 spell levels left.
You didn't know any spells.

Dungeon Overview and Level Annotations

Branches:
Dungeon (1/1)

Altars:
Elyvilon
Fedhas
Gozag
Kikubaaqudgha
Makhleb
Nemelex Xobeh
Pakellas
Qazlal
Ru
Sif Muna
Trog
Vehumet
Xom
Yredelemnul
Zin
The Shining One
Beogh
Jiyva
Lugonu

Shops:
D [=:[([*?}!}==:%!

Annotations:
D exclusion: oklob plant


Innate Abilities, Weirdness & Mutations

You can breathe blasts of fire.
Your fiery red scales are hard (AC +6).
Your body does not fit into most forms of armour.
Your flesh is heat resistant.
You are cold-blooded and may be slowed by cold attacks.


Message History

Drink which item? (? for menu, Esc to quit)
You feel better. The polar bear completely misses you.
The polar bear claws you but does no damage.
The polar bear barely misses you. The polar bear closely misses you. x3
Drink which item? (? for menu, Esc to quit)
You feel better.
You have got your breath back.
The polar bear bites you!
* * * LOW HITPOINT WARNING * * *
The polar bear barely misses you. The polar bear misses you.
The polar bear bites you!
* * * LOW HITPOINT WARNING * * *
The polar bear barely misses you.
The polar bear claws you but does no damage.
Press: ? - help, Shift-Dir - straight line, f/p - polar bear
Aim: a polar bear (severely wounded)
You breathe a blast of fire.
The fiery breath hits the polar bear.
The polar bear is almost dead.
You feel somewhat less full. The polar bear bites you!
You die... ##..# .##.#### +.### ..#....# ...# ## ) .####..## #..# .# )[ ###.##..# +..# .# $?= ##.#.#..# #..# c# $?!! .†###+.÷####..##.# [((??

##.#.#....###..h##▓▓▓▓▓▓
###.##......≈≈§h@≈≈≈≈≈≈≈
.####≈≈.§...≈#+########+
..#≈≈≈≈≈§§..≈#.._._...#§
.##≈≈≈≈≈≈≈≈.≈#._._._..#§
##≈≈§§≈≈§§≈≈≈#.._._._.#≈
≈≈≈≈≈≈§≈≈§≈≈≈#._._._._#≈
+++#≈§≈≈≈≈≈≈≈#.._._._.#§
;; ##≈§§###≈≈#..._._._#§
;§≈≈##§≈# #≈≈#...._.


You could see 2 polar bears.

Vanquished Creatures
  A siren (D)
  2 hippogriffs (D)
  Menkaure (D)
  A vampire mosquito (D)
  4 necrophages (D)
  A crocodile (D)
10 creatures vanquished.

Notes
Turn   | Place    | Note
--------------------------------------------------------------
     0 | D        | Kagutsuchi the Draconian Berserker began the quest for the Orb.
     0 | D        | Reached XP level 1. HP: 19/19 MP: 1/1
     1 | D        | Noticed a boulder beetle
     1 | D        | Noticed a boulder beetle
     5 | D        | Noticed a necrophage
     5 | D        | Noticed a necrophage
     5 | D        | Noticed a necrophage
     5 | D        | Noticed a necrophage
     9 | D        | Killed a necrophage
     9 | D        | Reached skill level 6 in Fighting
     9 | D        | Reached skill level 5 in Long Blades
     9 | D        | Reached skill level 5 in Dodging
     9 | D        | Reached XP level 2. HP: 31/31 MP: 2/2
     9 | D        | Reached XP level 3. HP: 38/38 MP: 3/3
     9 | D        | Reached XP level 4. HP: 45/45 MP: 4/4
    15 | D        | Killed a necrophage
    15 | D        | Reached skill level 7 in Fighting
    15 | D        | Reached XP level 5. HP: 53/53 MP: 5/5
    24 | D        | Killed a necrophage
    24 | D        | Reached skill level 8 in Fighting
    33 | D        | Killed a necrophage
    33 | D        | Reached skill level 9 in Fighting
    33 | D        | Reached XP level 6. HP: 48/63 MP: 6/6
    51 | D        | Noticed a hippogriff
    51 | D        | Noticed a hippogriff
    58 | D        | Killed a hippogriff
    62 | D        | Killed a hippogriff
    62 | D        | Reached ** piety under Trog
    62 | D        | Reached skill level 10 in Fighting
    62 | D        | Your scales start taking on a fiery red colour.
    62 | D        | Reached XP level 7. HP: 73/73 MP: 7/7
    62 | D        | Gained mutation: Your flesh is heat resistant. [Red Draconian growth]
    84 | D        | Found a roughly hewn altar of Beogh.
    84 | D        | Found a stormy altar of Qazlal.
    85 | D        | Found an ancient bone altar of Kikubaaqudgha.
    85 | D        | Found a white marble altar of Elyvilon.
    85 | D        | Found a radiant altar of Vehumet.
   101 | D        | Noticed a siren
   119 | D        | Killed a siren
   119 | D        | Reached skill level 11 in Fighting
   119 | D        | Reached skill level 10 in Long Blades
   185 | D        | Found Xageiq's Jewellery Shop.
   185 | D        | Found Nolytum's Book Shop.
   187 | D        | Found Kadar's Distillery.
   187 | D        | Found Voitoi's Gadget Boutique.
   188 | D        | Found Iniwi's Gadget Boutique.
   188 | D        | Found Hodghoys's Distillery.
   188 | D        | Found Yrierph's Magic Scroll Shop.
   190 | D        | Found Soumpoad's General Store.
   190 | D        | Found Romaat's Jewellery Boutique.
   190 | D        | Found Dofunur's Antique Armour Boutique.
   191 | D        | Found Sukhol's Food Boutique.
   194 | D        | Noticed a polar bear
   195 | D        | Noticed a polar bear
   195 | D        | Found Kobulug's Antique Weapon Boutique.
   195 | D        | Found Feluos's Antique Armour Shop.
   195 | D        | Noticed Menkaure
   195 | D        | Noticed an oklob plant
   196 | D        | Found Luomaici's Jewellery Shop.
   196 | D        | Found Kuiwk's Book Shoppe.
   196 | D        | Found Usag Utwall's Armour Boutique.
   201 | D        | Noticed a spiny frog
   203 | D        | Noticed a spiny frog
   218 | D        | Killed Menkaure
   218 | D        | Reached *** piety under Trog
   218 | D        | Reached skill level 10 in Dodging
   218 | D        | Reached XP level 8. HP: 37/82 MP: 8/8
   224 | D        | Bought a potion of curing for 36 gold pieces
   230 | D        | Bought a pair of glowing gloves for 144 gold pieces
   234 | D        | Bought the +0 mask of the Dragon {MR+ Slay+3 SInv} for 400 gold pieces
   242 | D        | Bought a bread ration for 55 gold pieces
   242 | D        | Bought a meat ration for 55 gold pieces
   320 | D        | Noticed an obsidian statue
   342 | D        | Found an oddly glowing altar of Pakellas.
   342 | D        | Found a bloodstained altar of Trog.
   342 | D        | Found a burning altar of Makhleb.
   343 | D        | Found a basalt altar of Yredelemnul.
   343 | D        | Found a sacrificial altar of Ru.
   343 | D        | Found a blossoming altar of Fedhas.
   343 | D        | Found a glowing golden altar of the Shining One.
   344 | D        | Found a glowing silver altar of Zin.
   344 | D        | Found a viscous altar of Jiyva.
   344 | D        | Found a corrupted altar of Lugonu.
   346 | D        | Found an opulent altar of Gozag.
   346 | D        | Found a deep blue altar of Sif Muna.
   347 | D        | Found a sparkling altar of Nemelex Xobeh.
   347 | D        | Found a shimmering altar of Xom.
   347 | D        | Noticed a polar bear
   348 | D        | Noticed a polar bear
   348 | D        | Noticed a polar bear
   348 | D        | Noticed a yaktaur
   366 | D        | Slain by a polar bear

Skill      XL: |  1  2  3  4  5  6  7 |
---------------+----------------------+-----
Fighting       | 6 7 9 10 11 | 11.6
Long Blades    | 5 6 8 9 10 | 10.7
Dodging        | 5 6 7 8 10 | 10.3

Action                   |  1- 3 |  4- 6 |  7- 9 || total
-------------------------+-------+-------+-------++-------
Melee: Falchion          |     3 |    28 |    49 ||    80
       Tailslap          |     1 |     6 |     6 ||    13
Invok: Berserk           |     1 |     1 |       ||     2
 Abil: Breathe Fire      |       |       |     4 ||     4
  Use: Potion            |       |       |     3 ||     3
  Eat: Bread ration      |       |       |     2 ||     2
Armor: Skin              |       |     4 |    22 ||    26
Dodge: Dodged            |     1 |    19 |    67 ||    87
